 Dungeon Crawl Stone Soup version 0.32-a0-411-g744942f433 (console) character file.

Game seed: 10911759100389350134

7749 myna the Slicer (level 11, -9/93 HPs)
             Began as a Coglin Brigand on Feb 20, 2024.
             Was an Initiate of Ashenzari.
             Mangled by a gargoyle
             ... wielding a +0 morningstar
              (13 damage)
             ... on level 10 of the Dungeon on Feb 21, 2024.
             The game lasted 00:21:33 (8525 turns).

myna the Slicer (Coglin Brigand)                    Turns: 8525, Time: 00:21:34

Health: -9/93      AC: 12    Str: 11    XL:     11   Next: 20%
Magic:  11/11      EV: 12    Int: 11    God:    Ashenzari [......]
Gold:   336        SH:  0    Dex: 20    Spells: 10/10 levels left

rFire   . . .        x - +0 rapier (elec) {Urai}
rCold   . . .        a - +3 dagger {Cedro}
rNeg    . . .        b - +0 robe
rPois   .            p - +2 helmet
rElec   .            v - +1 cloak
rCorr   .            r - +0 pair of gloves of the Lashed Welkin {Self, Elem} (curse)
SInv    .            (no boots)
Will    .....        (no amulet)
Stlth   +++          m - +4 ring of slaying
HPRegen 0.35/turn    t - +4 ring of protection
MPRegen 0.12/turn

%: no passive effects
@: immotile, revved
A: off-hand wielding, slow wielding, warmup strikes, legs shutdown
a: Renounce Religion, Curse Item, Shatter the Chains


You were on level 10 of the Dungeon.
You worshipped Ashenzari.
Ashenzari was noncommittal.
You visited 1 branch of the dungeon, and saw 10 of its levels.

You collected 504 gold pieces.
You spent 168 gold pieces at shops.

Inventory:

Hand Weapons
 a - a +3 dagger (offhand) {Cedro}
 c - a +2 heavy hand axe {Chiraphon}
 f - a +0 short sword {Wilburh}
 s - the +1 spear "Cugranlo" {freeze, rF+ rN+ Dex+3}
   (You found it on level 3 of the Dungeon)

   Dex+3:     It affects your dexterity (+3).
   rF+:       It protects you from fire.
   rN+:       It protects you from negative energy.
 x - a +0 rapier of electrocution (weapon) {Urai}
Missiles
 d - 16 poisoned darts (quivered)
 e - 3 curare-tipped darts
 i - 6 darts of dispersal
Armour
 b - a +0 robe (worn)
 p - a +2 helmet (worn)
 r - the cursed +0 pair of gloves of the Lashed Welkin (worn) {Self, Elem}
   (You found it on level 2 of the Dungeon)

   It has a curse which improves the following skills: Introspection: Fighting
   and Spellcasting.
   Elements:  Fire Magic, Ice Magic, Air Magic and Earth Magic.
 v - a +1 cloak (worn)
Jewellery
 m - a +4 ring of slaying (left grasper)
 t - a +4 ring of protection (right grasper)
 H - an amulet of the acrobat
 O - a ring of positive energy
 P - a ring of see invisible
Wands
 z - a wand of quicksilver (7)
Scrolls
 g - 5 scrolls of teleportation
 o - a scroll of poison
 q - a scroll of enchant armour
 y - a scroll of revelation
 A - 3 scrolls of fear {unknown}
 B - a scroll of vulnerability
 E - a scroll of acquirement {unknown}
 F - 2 scrolls of enchant weapon
 I - a scroll of blinking {unknown}
 K - 2 scrolls of identify
 L - a scroll of immolation {unknown}
 M - a scroll of amnesia {unknown}
 Q - a scroll of torment
 R - a scroll of silence
Potions
 h - 4 potions of curing
 j - 5 potions of heal wounds
 k - 2 potions of cancellation
 l - a potion of berserk rage
 n - 2 potions of might {unknown}
 u - 2 potions of haste
 w - a potion of resistance
 C - a potion of degeneration {unknown}
 D - a potion of enlightenment
 G - a potion of lignification {unknown}
 J - a potion of invisibility {unknown}
 N - a potion of mutation {unknown}


   Skills:
 - Level 11.0(11.3) Fighting
 + Level 12.2 Short Blades
 - Level 1.7 Throwing
 - Level 0.8 Dodging
 - Level 3.2 Stealth


You had 10 spell levels left.
You didn't know any spells.
Your spell library contained the following spells:

 Spells                   Type           Power      Damage    Failure   Level
 Blink                    Tloc           0%         N/A       47%         2
 Lesser Beckoning         Tloc           0%         N/A       47%         2
 Momentum Strike          Conj/Tloc      0%         3d8       47%         2
 Dazzling Flash           Conj/Hex       0%         N/A       71%         3
 Mephitic Cloud           Conj/Alch/Air  0%         N/A       71%         3
 Animate Armour           Summ/Erth      0%         N/A       98%         4
 Dimensional Bullseye     Hex/Tloc       0%         N/A       98%         4
 Curse of Agony           Necr           0%         N/A       100%        5
 Silence                  Hex/Air        0%         N/A       100%        5
 Monstrous Menagerie      Summ           0%         N/A       100%        7
 Chain Lightning          Conj/Air       0%         N/A       100%        9
 Fire Storm               Conj/Fire      0%         5d1       100%        9
 Shatter                  Erth           0%         3d5*      100%        9


Dungeon Overview and Level Annotations

Branches:
Dungeon (10/15)            Temple (0/1) D:7             Orc (0/2) D:9
   Lair: D:8-11

Altars:
Ashenzari
Cheibriados
Fedhas
Kikubaaqudgha
Nemelex Xobeh
Qazlal
Ru
Trog
Uskayaw
Vehumet
Wu Jian
Xom
The Shining One
Jiyva

Shops:
D:5 ?

Annotations:
D:9 2 transporters


Innate Abilities, Weirdness & Mutations

You can wield a second weapon in your off-hand.
It takes a long time for you to wield or remove held weapons.
Your first few attacks do less damage.
Attacking and casting redirects power from your legs.


Message History

The stone arrow hits you.
Ashenzari invites you to partake of a vision and a curse of devices and beguiling.
You start resting.
A gargoyle is nearby!
The gargoyle barely misses you.
You hit the gargoyle but do no damage. x2; The gargoyle misses you.
You hit the gargoyle but do no damage. x2
You hit the gargoyle but do no damage.
You hit the gargoyle with your +0 rapier of electrocution.
The gargoyle hits you with a +0 morningstar!
You puncture the gargoyle with your +0 rapier of electrocution!
The gargoyle is heavily damaged.
You hit the gargoyle but do no damage. You hit the gargoyle but do no damage.
The gargoyle is heavily damaged.
You hit the gargoyle but do no damage.
The gargoyle hits you with a +0 morningstar!!
* * * LOW HITPOINT WARNING * * *
You hit the gargoyle but do no damage.
The gargoyle is heavily damaged.
You hit the gargoyle but do no damage. You hit the gargoyle but do no damage.
The gargoyle is heavily damaged.
You hit the gargoyle but do no damage.
The gargoyle hits you with a +0 morningstar!
* * * LOW HITPOINT WARNING * * *
You hit the gargoyle but do no damage.
The gargoyle is heavily damaged.
You hit the gargoyle with your +3 dagger.
You hit the gargoyle with your +3 dagger.
The gargoyle is almost destroyed.
You hit the gargoyle but do no damage. The gargoyle misses you.
You completely miss the gargoyle with your +3 dagger.
The gargoyle is almost destroyed.
You hit the gargoyle but do no damage.
You completely miss the gargoyle with your +3 dagger.
The gargoyle is almost destroyed.
You hit the gargoyle but do no damage.
The gargoyle hits you with a +0 morningstar!
You die...

#### ##
###############..####.#
......................#
#############...@####.#
# #.#.9...#.# #
#.#####.#.## #####
#..#.#.#)#.#.#.#. ....#
##...........9... ....#
###.#.#9#.#.#.#. ....#
#.......... ....#
##.#.#.#.#.# ....#
#.>..........


You could see a gargoyle.

Vanquished Creatures
  Gastronok (D:8)
  2 two-headed ogres (D:10)
  Pikel (D:6)
  Jeremiah (D:7)
  Prince Ribbit (D:5)
  Grinder (D:3)
  Eustachio (D:4)
  A wyvern (D:9)
  A steam dragon (D:8)
  Menkaure (D:4)
  Edmund (D:4)
  A water moccasin (D:8)
  A sky beast (D:8)
  4 orc warriors
  An ice beast (D:7)
  2 black bears
  2 ogres
  4 centaurs
  A phantom (D:4)
  A kobold brigand (D:7)
  4 scorpions
  3 bullfrogs
  5 wights (D:8)
  14 killer bees
  2 howler monkeys
  Crazy Yiuf (D:3)
  A jelly (D:8)
  A bombardier beetle (D:4)
  10 orc priests
  Natasha (thrice) (D:3)
  An iguana (D:4)
  6 orc wizards
  Ijyb (D:5)
  3 gnolls (D:6)
  4 adders
  2 shadow imps
  2 white imps
  4 ufetubi (D:7)
  2 dart slugs (D:3)
  A ribbon worm (D:7)
  31 orcs
  8 ball pythons
  3 bats
  4 endoplasms
  3 giant cockroaches
  5 goblins
  6 hobgoblins
  12 jackals (D:4)
  5 quokkas
  2 frilled lizards (D:3)
  14 kobolds
  4 rats
196 creatures vanquished.

Notes
Turn   | Place    | Note
-------+----------+-------------------------------------------
     0 | D:1      | myna the Coglin Brigand began the quest for the Orb.
     0 | D:1      | Reached XP level 1. HP: 16/16 MP: 1/1
    61 | D:1      | Reached XP level 2. HP: 17/23 MP: 2/2
   540 | D:2      | Reached XP level 3. HP: 29/29 MP: 3/3
   962 | D:3      | Reached skill level 2 in Short Blades
   981 | D:3      | Found a sparkling altar of Nemelex Xobeh.
  1005 | D:3      | Reached XP level 4. HP: 37/37 MP: 4/4
  1023 | D:3      | Identified the +1 spear "Cugranlo" {freeze, rF+ rN+ Dex+3}
  1237 | D:3      | Noticed Grinder
  1298 | D:3      | Found a sacrificial altar of Ru.
  1300 | D:3      | Noticed Natasha
  1418 | D:3      | Killed Natasha
  1494 | D:3      | Reached XP level 5. HP: 43/43 MP: 5/5
  1517 | D:3      | Found a shimmering altar of Xom.
  1559 | D:3      | Found a blossoming altar of Fedhas.
  1654 | D:3      | Noticed Natasha
  1662 | D:3      | Killed Natasha
  1663 | D:3      | Reached skill level 3 in Short Blades
  1897 | D:3      | Paralysed by Grinder for 4 turns
  1908 | D:3      | Killed Grinder
  1909 | D:3      | Reached skill level 5 in Fighting
  1909 | D:3      | Reached XP level 6. HP: 40/52 MP: 6/6
  1991 | D:3      | Noticed Natasha
  2005 | D:3      | Killed Natasha
  2027 | D:3      | Found a runed translucent door.
  2028 | D:3      | Noticed Crazy Yiuf
  2172 | D:3      | Killed Crazy Yiuf
  2474 | D:4      | Reached XP level 7. HP: 59/59 MP: 7/7
  2614 | D:4      | Noticed Menkaure
  2614 | D:4      | Noticed Eustachio
  2721 | D:4      | Killed Menkaure
  2757 | D:4      | Killed Eustachio
  2796 | D:4      | Noticed Edmund
  2811 | D:4      | Killed Edmund
  2812 | D:4      | Reached XP level 8. HP: 44/69 MP: 8/8
  2922 | D:4      | Found an ornate altar of the Wu Jian Council.
  2956 | D:4      | Found a stormy altar of Qazlal.
  3395 | D:4      | Found a broken altar of Ashenzari.
  3421 | D:4      | Became a worshipper of Ashenzari the Shackled
  3623 | D:4      | Reached skill level 10 in Fighting
  3803 | D:5      | Entered Level 5 of the Dungeon
  3804 | D:5      | Noticed Prince Ribbit
  3809 | D:5      | Killed Prince Ribbit
  3815 | D:5      | Noticed Ijyb
  3950 | D:5      | Reached XP level 9. HP: 81/81 MP: 9/9
  3968 | D:5      | Reached skill level 4 in Short Blades
  3970 | D:5      | Killed Ijyb
  4231 | D:5      | Found Dehi's Magic Scroll Emporium.
  4247 | D:5      | Bought a scroll of identify for 24 gold pieces
  4247 | D:5      | Bought a scroll of identify for 24 gold pieces
  4247 | D:5      | Bought a scroll of identify for 24 gold pieces
  4255 | D:5      | Bought a scroll of poison for 48 gold pieces
  4255 | D:5      | Bought a scroll of vulnerability for 48 gold pieces
  4440 | D:6      | Found a bloodstained altar of Trog.
  4469 | D:6      | Found an ancient bone altar of Kikubaaqudgha.
  4607 | D:6      | Noticed Pikel
  4615 | D:6      | Killed Pikel
  4616 | D:6      | Reached skill level 6 in Short Blades
  5166 | D:7      | Found a staircase to the Ecumenical Temple.
  5234 | D:7      | Reached skill level 7 in Short Blades
  5347 | D:7      | Reached skill level 8 in Short Blades
  5347 | D:7      | Reached XP level 10. HP: 71/87 MP: 10/10
  5419 | D:7      | Got Kageshres's Guide on the Enthralled Mob
  5448 | D:7      | Noticed Jeremiah
  5525 | D:7      | Killed Jeremiah
  5736 | D:7      | Found a snail-covered altar of Cheibriados.
  6229 | D:8      | Reached skill level 9 in Short Blades
  6312 | D:8      | Noticed Gastronok
  6374 | D:8      | Killed Gastronok
  6375 | D:8      | Reached skill level 10 in Short Blades
  6577 | D:8      | Found a glowing golden altar of the Shining One.
  7167 | D:8      | Found a hide-covered altar of Uskayaw.
  7298 | D:8      | Reached skill level 11 in Short Blades
  7379 | D:8      | Identified the +1 spear "Yvas" {venom, rN+ Will+}
  7895 | D:9      | Found a viscous altar of Jiyva.
  7973 | D:9      | Found a transporter.
  7976 | D:9      | Found a transporter.
  8129 | D:9      | Found a staircase to the Orcish Mines.
  8214 | D:10     | Entered Level 10 of the Dungeon
  8300 | D:10     | Found a radiant altar of Vehumet.
  8312 | D:10     | Reached XP level 11. HP: 93/93 MP: 11/11
  8444 | D:10     | Noticed a two-headed ogre
  8449 | D:10     | Killed a two-headed ogre
  8450 | D:10     | Reached skill level 12 in Short Blades
  8493 | D:10     | Noticed a two-headed ogre
  8506 | D:10     | Killed a two-headed ogre
  8521 | D:10     | HP: 3/93 [gargoyle/+0 morningstar (17)]
  8525 | D:10     | Mangled by a gargoyle

Illustrated notes

Levels and vault maps discovered:
D:1:      wander_arrival_abandoned_jail, layout_rooms
D:2:      layout_rooms
D:3:      layout_loops_ring, old_standard_altar, mainiacjoe_overflow_paths,
          mainiacjoe_overflow_large_starburst, uniq_natasha,
          uniq_crazy_yiuf_cottage, uniq_grinder
D:4:      layout_basic, cheibrodos_ashenzari_chains, general_overflow_altar,
          mainiacjoe_overflow_alcove_4, uniq_edmund, uniq_menkaure,
          uniq_eustachio
D:5:      layout_cave_pools, serial_shops, nicolae_shop_statue_plus, uniq_ijyb,
          uniq_prince_ribbit1
D:6:      layout_cave_pools, mainiacjoe_overflow_boulevard,
          mainiacjoe_overflow_six_doors_small, kb_lookout_dungeons_type,
          uniq_pikel
D:7:      nicolae_cairo_tiling_large_dashed, layout_loops_corners, slow_altar_2,
          minmay_temple_entry_butterflies, chequers_serial_rivers_room_b,
          uniq_jeremiah
D:8:      layout_loops_ring, nicolae_uskayaw_murder_on_the_dancefloor,
          lemuel_tele_altar, grunt_ministairs_13,
          hangedman_decor_clover_reticule, uniq_gastronok
D:9:      gammafunk_jiyva_shrine, layout_loops_cross, kennysheep_generic_room_4
D:10:     minmay_the_grid_triangle_9x9_recursive_2
          [minmay_the_grid_triangle_9x9_prize_top_heavy,
          minmay_the_grid_triangle_9x9_flanged_cone,
          minmay_the_grid_triangle_9x9_dagger,
          minmay_the_grid_triangle_9x9_sprig], layout_basic,
          nicolae_vehumet_radiance, st_stairs_12

Skill      XL: |  1  2  3  4  5  6  7  8  9 10 11 |
---------------+----------------------------------+-----
Fighting       | 3 4 6 8 11 | 11.0
Short Blades   | 2 3 8 11 12 | 12.2
Throwing       | |  1.7
Dodging        | |  0.8
Stealth        | |  3.2

Action                     |  1- 3 |  4- 6 |  7- 9 | 10-12 || total
---------------------------+-------+-------+-------+-------++-------
  Melee: Dagger            |    39 |    35 |    91 |   156 ||   321
         Short sword       |    37 |     3 |       |       ||    40
         Spear             |       |    54 |    74 |       ||   128
         Hand axe          |       |     4 |    61 |       ||    65
         Rapier            |       |       |    99 |   166 ||   265
  Throw: Dart              |       |       |     1 |       ||     1
 Invoke: Curse Item        |       |       |       |     1 ||     1
  Evoke: Wand              |       |       |       |     2 ||     2
    Use: Scroll            |     1 |     3 |     8 |       ||    12
         Potion            |       |       |     1 |       ||     1
   Stab: Sleeping          |     5 |     2 |     4 |     2 ||    13
 Armour: Robe              |    17 |    24 |   140 |    94 ||   275
  Dodge: Dodged            |    19 |    19 |    93 |    76 ||   207

Table legend: (Time is in decaauts)
 A = Elapsed time spent in this place.
 B = Non-inter-level travel time spent in this place.
 C = Inter-level travel time spent in this place.
 D = Time resting spent in this place.
 E = Time spent auto-exploring this place.
 F = Levels seen in this place.
 G = Mean time per level.
                   A        B        C        D        E       F      G
               +--------+--------+--------+--------+--------+-----+--------+
         Total |   8485 |   8178 |    307 |   1697 |   4816 |  10 |  848.5 |
       Dungeon |   8485 |   8178 |    307 |   1697 |   4816 |  10 |  848.5 |
               +--------+--------+--------+--------+--------+-----+--------+

Top non-repeatable levels by time:
     D:4: 1567 daAuts
     D:3: 1462 daAuts
     D:8: 1358 daAuts
     D:7: 1073 daAuts
     D:6: 657 daAuts
     D:9: 613 daAuts
     D:1: 512 daAuts
     D:5: 509 daAuts
     D:2: 440 daAuts
    D:10: 291 daAuts
